cohdb
Replays
Latest Replays
All Replays
Popular Replays
Top Player Replays
Match Explorer
How It Works
Community
CoH3 Stats
Reddit
Sign in to upload your games and track your stats! →
Sign in with Steam
Match 43273062
Unlisted
Match 43273062
Overview
Messages
Build Orders
End
Construct Barracks
Selects Airborne Battlegroup
Riflemen Squad
Riflemen Squad
Selects Pathfinders
Selects Smoke Bombing Run
Grenade Package
Engineer Squad
Construct Weapon Support Center
Construct Medical Station
Bazooka Squad
Selects Paratrooper Squad Paradrop
Paratrooper Squad Paradrop
Air Support Center
Selects Anti-tank Gun Team Paradrop
P-47 Strafing Run
Construct Tank Depot
Engineer Squad
Riflemen Squad
P-47 Dive Bomb
M4A1 Sherman Medium Tank
Double Sortie
P-47 Dive Bomb
M4A1 Sherman Medium Tank
Engineer Squad
P-47 Strafing Run
M4A1 Sherman Medium Tank
Selects Supply Drop
Selects Carpet Bombing Run
.30 cal Machine Gun
Carpet Bombing Run
Bazooka Squad
Grasshopper Recon Run
P-47 Strafing Run
M4A1 Sherman Medium Tank
M4A1 Sherman Medium Tank
Luoppis
matrix4x4
夜明
SMash [FOXES]
Inzanity
安哥拉威猛先生敲丧钟
JuuYz
3321990365
0
0
Comments
sign in to comment!
No comments posted yet!